 Dungeon Crawl Stone Soup version 0.26-a0-649-gf8c6c3aab7 (webtiles) character file.

Game seed: 11844508795814221237

73483 grandjackal the Fighter (level 15, -5/124 HPs)
             Began as a Demonspawn Gladiator on Sept 28, 2020.
             Was the Champion of Okawaru.
             Drowned by a drowned soul (17 damage)
             ... summoned by a merfolk avatar
             ... on level 6 of the Lair of Beasts.
             The game lasted 00:34:18 (19917 turns).

grandjackal the Fighter (Demonspawn Gladiator)     Turns: 19917, Time: 00:34:19

Health: -5/124     AC: 32    Str: 26    XL:     15   Next: 4%
Magic:  21/23      EV: 20    Int:  9    God:    Okawaru [******]
Gold:   797        SH:  0    Dex: 17    Spells: 14/14 levels left

rFire    + . .     SeeInvis .   Y - +4 great sword (vorpal)
rCold    + . .     Faith    .   (shield currently unavailable)
rNeg     + . .     Spirit   .   U - +7 chain mail of the Tuna {Rampage rN+ Str+4}
rPois    +         Reflect  .   c - +0 helmet
rElec    .         Harm     .   Z - +1 cloak {rPois}
rCorr    .         Rampage  +   n - +2 pair of gloves {Str+3}
MR       +....                  (boots unavailable)
Stlth    ..........             r - amulet of regeneration
HPRegen  0.70/turn              t - ring of protection from fire
MPRegen  0.18/turn              F - +4 ring of slaying

@: heroism, mesmerised, very slow
A: talons 3, slimy green scales 3, cold resistance 1, freezing cloud immunity
a: Heroism, Finesse, Renounce Religion


You were on level 6 of the Lair of Beasts.
You worshipped Okawaru.
Okawaru was exalted by your worship.
You visited 3 branches of the dungeon, and saw 20 of its levels.
You also visited: Volcano.

You collected 1664 gold pieces.
You spent 867 gold pieces at shops.

Inventory:

Hand Weapons
 g - a +0 great sword of flaming
 Y - a +4 vorpal great sword (weapon)
Missiles
 d - a throwing net (quivered)
Armour
 c - a +0 helmet (worn)
 n - a +2 pair of gloves of strength (worn)
 U - the +7 chain mail of the Tuna (worn) {Rampage rN+ Str+4}
   (Okawaru gifted it to you on level 9 of the Dungeon)

   It affects your strength (+4).
   It protects you from negative energy.
   It bestows one free step when moving towards enemies.
 Z - a +1 cloak of poison resistance (worn)
Jewellery
 l - an uncursed ring of protection from cold {unknown}
 r - an amulet of regeneration (around neck)
 t - a ring of protection from fire (left hand)
 E - an uncursed ring of see invisible {unknown}
 F - a +4 ring of slaying (right hand)
Wands
 s - a wand of iceblast (10)
 w - a wand of random effects (73)
 z - a wand of polymorph (20)
 D - a wand of disintegration (27)
 J - a wand of paralysis (3)
 R - a wand of digging (3)
 V - a wand of acid (10)
Scrolls
 f - a scroll of fear
 h - 6 scrolls of enchant weapon
 i - 12 scrolls of teleportation
 j - a scroll of torment
 m - a scroll of magic mapping
 u - 5 scrolls of blinking
 y - 9 scrolls of remove curse
 A - a scroll of silence
 G - a scroll of vulnerability
 H - 2 scrolls of brand weapon
 M - 4 scrolls of fog
 O - a scroll of enchant armour
 S - a scroll of summoning
Potions
 a - a potion of cancellation
 b - a potion of berserk rage
 k - 10 potions of curing
 o - a potion of magic
 v - 2 potions of stabbing
 x - 3 potions of mutation
 B - 2 potions of flight
 C - a potion of ambrosia
 I - 3 potions of lignification
 K - a potion of invisibility
 P - 2 potions of haste
 W - 5 potions of might
Miscellaneous
 p - a condenser vane (2/2)


   Skills:
 + Level 13.5(18.5) Fighting
 + Level 12.6(17.6) Long Blades
 - Level 1.7(6.7) Throwing
 + Level 9.7(14.7) Armour
 + Level 12.6(17.6) Dodging
 - Level 11.2 Invocations


You had 14 spell levels left.
You didn't know any spells.
Your spell library contained the following spells:

 Spells                   Type           Power        Failure   Level
 Animate Skeleton         Necr           #.....       83%         1
 Apportation              Tloc           #.....       83%         1
 Beastly Appendage        Tmut           #.....       83%         1
 Corona                   Hex            #......      83%         1
 Summon Small Mammal      Summ           #...         83%         1
 Sublimation of Blood     Necr           #.........   93%         2
 Wereblood                Tmut           #.......     93%         2
 Confusing Touch          Hex            #.......     99%         3
 Gell's Gravitas          Tloc           #.........   99%         3
 Ignite Poison            Fire/Tmut/Pois #.......     99%         3
 Lesser Beckoning         Tloc           #.........   99%         3
 Spider Form              Tmut/Pois      #.........   99%         3
 Tukima's Dance           Hex            #.......     99%         3
 Ice Form                 Ice/Tmut       #.......     100%        4
 Petrify                  Tmut/Erth      #.......     100%        4
 Alistair's Intoxication  Tmut/Pois      #........    100%        5
 Blade Hands              Tmut           #.........   100%        5
 Fireball                 Conj/Fire      #.........   100%        5
 Irradiate                Conj/Tmut      #.........   100%        5
 Metabolic Englaciation   Hex/Ice        #.........   100%        5
 Yara's Violent Unravell  Hex/Tmut       #.........   100%        5
 Eringya's Noxious Bog    Tmut/Pois      #.........   100%        6
 Invisibility             Hex            #.......     100%        6
 Starburst                Conj/Fire      #.........   100%        6
 Ignition                 Fire           #.........   100%        8


Dungeon Overview and Level Annotations

Branches:
Dungeon (12/15)            Temple (0/1) D:5            Lair (6/6) D:11
  Swamp (0/4) Lair:3       Spider (0/4) Lair:4        Slime (0/5) Lair:6
    Orc (2/2) D:9             Elf (0/3) Orc:2       Volcano (visited)

Altars:
Ashenzari
Cheibriados
Dithmenos
Elyvilon
Fedhas
Makhleb
Nemelex Xobeh
Okawaru
Qazlal
Ru
Yredelemnul
Zin
Beogh
Jiyva

Shops:
D:4 (   D:8 ?   Orc:2 *:?[(

Annotations:
D:4 2 runed translucent doors, a3don's ghost, amateur HOFi
D:8 3 runed translucent doors, Morgoth's ghost, journeyman TeHu
D:9 2 runed translucent doors
Lair:3 3 runed translucent doors, Fuxod's ghost, journeyman GnWn
Lair:6 exclusion: 2 oklob plants


Innate Abilities, Weirdness & Mutations

You have claws for feet.
You are completely covered in slimy green scales. (AC +4, rPois)
Your flesh is cold resistant. (rC+)
You are immune to freezing clouds.


Message History

Unknown command.
Okay, then.
You gain the combat prowess of a mighty hero.
The drowned soul touches you. The drowned soul drowns you!
* * * LOW HITPOINT WARNING * * *
The merfolk avatar chants its luring song.
Unknown command.
Unknown command.
You feel better. The drowned soul touches you. The drowned soul drowns you!
* * * LOW HITPOINT WARNING * * *
The merfolk avatar chants its luring song.
Unknown command.
You slice the merfolk avatar!!
The merfolk avatar is severely wounded.
Unknown command.
Unknown command.
Your unstable footing causes you to fumble your attack.
The merfolk avatar chants its luring song.
The drowned soul touches you. The drowned soul drowns you!
You die...

........#≈≈# #≈≈≈≈
.......≈≈≈≈# ≈≈≈#≈≈ .
.P...≈≈≈≈#####....####
≈.##...##≈≈#8≈≈≈≈≈≈≈≈≈≈8
≈≈#...≈.#≈≈#≈≈≈≈≈#≈#≈≈≈≈
≈≈≈...≈≈≈≈≈#≈≈≈≈≈≈≈≈≈≈≈≈
#≈≈...≈≈≈≈≈#≈≈≈≈$()[≈≈≈≈
#≈≈≈.(.##≈≈.≈≈#≈)m≈!≈≈≈≈
##≈≈..≈.#≈≈#≈≈≈≈@W≈)≈≈≈≈
#≈≈..≈≈≈≈≈.≈#≈≈$$$|≈≈≈≈
##≈≈..≈≈≈≈≈#≈≈≈≈≈≈≈≈≈≈≈≈
#≈≈≈...##≈≈#≈≈≈≈≈≈≈≈≈≈≈≈
#≈≈....##≈≈#8≈≈≈≈≈≈≈≈≈≈8
≈≈....≈≈≈≈≈#####≈≈≈≈####
≈≈....≈≈≈≈≈# ≈≈≈≈≈≈≈
≈≈≈....##≈≈# ≈≈.≈≈≈≈
#†#†..≈##≈≈# ≈≈ ≈


You could see a merfolk avatar (mesmerising) and a drowned soul (summoned).

Vanquished Creatures
  Gastronok (Lair:1)
  3 orc warlords
  A stone giant (Orc:2)
  Azrael (D:12)
  A fire dragon (D:11)
  8 hydras
  A centaur warrior (D:11)
  An ogre mage (Volcano)
  5 two-headed ogres
  A tengu warrior (D:11)
  2 orc high priests (Orc:2)
  A hell knight (Volcano)
  An unseen horror (D:11)
  4 orc knights
  An oklob plant (Orc:1)
  An orc sorcerer (Orc:1)
  3 ugly things
  A wolf spider (Lair:4)
  A cyclops (D:12)
  25 elephants
  A salamander (Lair:3)
  2 centaur zombies (D:11)
  3 black mambas
  Joseph (Lair:1)
  A torpor snail (Lair:6)
  A gargoyle (D:12)
  10 cane toads
  A kobold demonologist (D:11)
  A rime drake (Lair:6)
  6 komodo dragons
  3 polar bears
  A jumping spider (Lair:4)
  2 hornets
  7 trolls
  8 hippogriffs
  Grinder (D:4)
  13 blink frogs
  A slime creature (D:9)
  2 redbacks (Lair:4)
  Sigmund (D:4)
  Eustachio (D:4)
  A wraith (D:12)
  13 yaks
  8 wyverns
  4 fire elementals (D:12)
  4 basilisks
  17 fire bats
  Grum (D:10)
  6 vampire mosquitoes (Lair:3)
  2 wargs
  Menkaure (D:6)
  An acid dragon (D:12)
  3 hell hounds (D:12)
  13 water moccasins
  2 swamp worms (Lair:6)
  6 porcupines
  A black bear (Lair:1)
  3 ice beasts
  30 orc warriors
  4 sky beasts
  An eye of draining (D:9)
  5 phantoms
  A necrophage (D:11)
  22 ogres
  11 wolves
  3 centaurs
  11 crocodiles
  8 big kobolds
  19 bullfrogs
  A wyvern zombie (D:5)
  3 gnoll sergeants (D:9)
  A water moccasin zombie (D:5)
  4 scorpions
  A troll zombie (D:11)
  A wyvern skeleton (D:11)
  13 killer bees
  4 wights
  A howler monkey (D:10)
  6 lava snakes (Volcano)
  2 bullfrog zombies (D:8)
  6 hounds
  3 quasits
  5 human zombies (D:11)
  4 jellies
  15 orc priests
  2 bullfrog skeletons
  3 centaur skeletons
  5 iguanas
  A human skeleton (D:11)
  27 orc wizards
  13 worker ants
  A killer bee zombie (D:7)
  4 hound skeletons
  2 mummies (D:11)
  3 worker ant zombies
  12 adders
  4 gnolls (D:9)
  2 shadow imps (D:6)
  2 white imps (D:8)
  5 ufetubi
  2 oozes
  3 adder skeletons
  3 worms
  A dart slug (D:2)
  6 leopard geckos
  120 orcs
  A ball python (D:2)
  6 bats
  4 giant cockroaches
  2 goblins
  11 hobgoblins
  10 jackals
  6 quokkas
  6 frilled lizards
  30 kobolds
  3 leopard gecko skeletons
  An orc skeleton (D:11)
  6 rats
  A bush (Lair:3)
709 creatures vanquished.

Vanquished Creatures (others)
  A bush (Lair:3)
  32 fungi
  67 plants
100 creatures vanquished.

Grand Total: 809 creatures vanquished

Notes
Turn   | Place    | Note
-------+----------+-------------------------------------------
     0 | D:1      | grandjackal the Demonspawn Gladiator began the quest for
                  | the Orb.
     0 | D:1      | Reached XP level 1. HP: 16/16 MP: 1/1
   173 | D:1      | Gained mutation: You have sharp toenails. [demonic
                  | ancestry]
   173 | D:1      | Reached XP level 2. HP: 5/22 MP: 2/2
   881 | D:2      | Found an iron altar of Okawaru.
   904 | D:2      | Became a worshipper of Warmaster Okawaru
  1033 | D:2      | Found a shadowy altar of Dithmenos.
  1101 | D:2      | Gained mutation: You have razor-sharp toenails. [demonic
                  | ancestry]
  1101 | D:2      | Reached XP level 3. HP: 15/28 MP: 3/3
  1152 | D:2      | Reached skill level 1 in Invocations
  1378 | D:2      | Found a snail-covered altar of Cheibriados.
  1740 | D:3      | Gained mutation: Your flesh is cold resistant. (rC+)
                  | [demonic ancestry]
  1740 | D:3      | Reached XP level 4. HP: 20/34 MP: 5/5
  1774 | D:2      | Reached skill level 3 in Fighting
  2083 | D:3      | Noticed an ogre
  2106 | D:3      | Killed an ogre
  2106 | D:3      | Reached * piety under Okawaru
  2106 | D:3      | Reached XP level 5. HP: 41/41 MP: 7/7
  2370 | D:3      | Gained mutation: You are partially covered in slimy green
                  | scales. (AC +2) [demonic ancestry]
  2370 | D:3      | Reached XP level 6. HP: 22/47 MP: 8/8
  2584 | D:3      | Found a sacrificial altar of Ru.
  3014 | D:4      | Noticed Sigmund
  3025 | D:4      | Killed Sigmund
  3025 | D:4      | Reached skill level 4 in Fighting
  3067 | D:4      | Found a runed translucent door.
  3097 | D:4      | Found Jiahan's Weapon Boutique.
  3103 | D:4      | Noticed Eustachio
  3144 | D:4      | Killed Eustachio
  3144 | D:4      | Reached ** piety under Okawaru
  3144 | D:4      | Reached XP level 7. HP: 27/54 MP: 10/10
  3683 | D:4      | Found a runed translucent door.
  3687 | D:4      | Noticed a3don's ghost (amateur HOFi)
  3859 | D:4      | Noticed Grinder
  3872 | D:4      | Reached skill level 5 in Invocations
  3872 | D:4      | Paralysed by Grinder for 6 turns
  3879 | D:4      | Killed Grinder
  4127 | D:4      | Found a broken altar of Ashenzari.
  4128 | D:4      | Found a blossoming altar of Fedhas.
  4257 | D:4      | Reached skill level 5 in Fighting
  4257 | D:4      | Reached skill level 5 in Long Blades
  4257 | D:4      | Reached skill level 5 in Dodging
  4257 | D:4      | Gained mutation: You have claws for feet. [demonic
                  | ancestry]
  4257 | D:4      | Reached XP level 8. HP: 55/62 MP: 12/12
  4496 | D:5      | Entered Level 5 of the Dungeon
  4532 | D:5      | Found a blossoming altar of Fedhas.
  4707 | D:5      | Reached *** piety under Okawaru
  4739 | D:5      | Found a staircase to the Ecumenical Temple.
  5182 | D:6      | Found a stormy altar of Qazlal.
  5186 | D:6      | Noticed an air elemental
  5313 | D:6      | Reached skill level 6 in Fighting
  5434 | D:6      | Noticed a white ugly thing
  5450 | D:6      | Killed a white ugly thing
  5450 | D:6      | Reached **** piety under Okawaru
  5450 | D:6      | Reached XP level 9. HP: 39/71 MP: 14/14
  5670 | D:6      | Found a burning altar of Makhleb.
  5698 | D:6      | Noticed Menkaure
  5703 | D:6      | Killed Menkaure
  6293 | D:7      | Found a sparkling altar of Nemelex Xobeh.
  6354 | D:7      | Reached skill level 7 in Fighting
  6361 | D:7      | Reached ***** piety under Okawaru
  6621 | D:7      | Found a glowing silver altar of Zin.
  6803 | D:8      | Noticed Morgoth's ghost (journeyman TeHu)
  6866 | D:8      | Found a runed translucent gate.
  6935 | D:8      | Gained mutation: You are mostly covered in slimy green
                  | scales. (AC +3) [demonic ancestry]
  6935 | D:8      | Reached XP level 10. HP: 45/79 MP: 16/16
  7108 | D:8      | Found a runed translucent gate.
  7109 | D:8      | Found a runed translucent gate.
  7182 | D:8      | Found Rek Dosa's Magic Scroll Shoppe.
  7332 | D:8      | Bought a scroll of blinking for 75 gold pieces
  7332 | D:8      | Bought a scroll of teleportation for 30 gold pieces
  7332 | D:8      | Bought a scroll of noise for 10 gold pieces
  7332 | D:8      | Bought a scroll of summoning for 95 gold pieces
  7332 | D:8      | Bought a scroll of holy word for 75 gold pieces
  7332 | D:8      | Bought a scroll of remove curse for 30 gold pieces
  7555 | D:9      | Found a white marble altar of Elyvilon.
  7618 | D:9      | Found a large runed translucent door.
  7618 | D:9      | Found a large runed translucent door.
  7705 | D:9      | Reached skill level 8 in Fighting
  8028 | D:9      | Reached skill level 10 in Invocations
  8040 | D:9      | Received a gift from Okawaru
  8043 | D:9      | Got a smoking chain mail {god gift}
  8058 | D:9      | Identified the +7 chain mail of the Tuna {Rampage rN+
                  | Str+4} (Okawaru gifted it to you on level 9 of the Dungeon)
  8090 | D:9      | Found a large runed translucent door.
  8090 | D:9      | Found a large runed translucent door.
  8333 | D:9      | Found a staircase to the Orcish Mines.
  8764 | D:10     | Entered Level 10 of the Dungeon
  8800 | D:10     | Noticed Grum
  8832 | D:10     | Killed Grum
  8843 | D:10     | Reached XP level 11. HP: 74/87 MP: 19/19
  8937 | D:10     | Noticed a purple ugly thing
  8960 | D:10     | Killed a purple ugly thing
  9030 | D:10     | Reached skill level 9 in Fighting
  9586 | D:10     | Noticed a two-headed ogre
  9595 | D:10     | Killed a two-headed ogre
  9713 | D:11     | Noticed a cyan ugly thing
  9714 | D:11     | Noticed a four-headed hydra
  9806 | D:10     | Reached skill level 1 in Armour
  9907 | D:10     | Killed a cyan ugly thing
  9986 | D:11     | Noticed a two-headed ogre
  9997 | D:11     | Killed a two-headed ogre
  9997 | D:11     | Received a gift from Okawaru
 10115 | D:11     | Noticed an eight-headed hydra
 10126 | D:11     | Killed an eight-headed hydra
 10305 | D:11     | Killed a four-headed hydra
 10492 | D:11     | Killed an unseen horror
 10492 | D:11     | Reached skill level 10 in Fighting
 10615 | D:11     | Noticed a fire dragon
 10627 | D:11     | Killed a fire dragon
 10627 | D:11     | Received a gift from Okawaru
 10627 | D:11     | Gained mutation: You are completely covered in slimy green
                  | scales. (AC +4, rPois) [demonic ancestry]
 10627 | D:11     | Reached XP level 12. HP: 69/97 MP: 20/20
 10631 | D:11     | Found a staircase to the Lair.
 10756 | D:11     | Noticed a centaur warrior
 10756 | D:11     | Noticed a tengu warrior
 10771 | D:11     | Killed a centaur warrior
 10779 | D:11     | Killed a tengu warrior
 10823 | D:11     | Noticed a six-headed hydra
 10836 | D:11     | Killed a six-headed hydra
 10966 | D:11     | Found a basalt altar of Yredelemnul.
 11566 | D:12     | Noticed Azrael
 11571 | D:12     | Reached skill level 10 in Long Blades
 11573 | D:12     | Reached skill level 10 in Dodging
 11590 | D:12     | Killed Azrael
 11590 | D:12     | Reached skill level 5 in Armour
 12151 | Orc:1    | Entered Level 1 of the Orcish Mines
 12208 | Orc:1    | Noticed an orc warlord
 12214 | Orc:1    | Reached skill level 11 in Fighting
 12223 | Orc:1    | HP: 5/100 [orc priest/divine providence (11)]
 12414 | Orc:1    | Killed an orc warlord
 12465 | Orc:1    | Reached ****** piety under Okawaru
 12605 | Orc:2    | Entered Level 2 of the Orcish Mines
 12614 | Orc:2    | Found a staircase to the Elven Halls.
 12809 | Orc:2    | Found a roughly hewn altar of Beogh.
 12837 | Orc:2    | Found Tanuolev's Magic Scroll Emporium.
 12845 | Orc:2    | Bought a scroll of enchant weapon for 82 gold pieces
 12845 | Orc:2    | Bought a scroll of teleportation for 33 gold pieces
 12845 | Orc:2    | Bought a scroll of teleportation for 33 gold pieces
 12917 | Orc:1    | Noticed an orc warlord
 13038 | Orc:2    | Killed an orc warlord
 13038 | Orc:2    | Received a gift from Okawaru
 13038 | Orc:2    | Reached XP level 13. HP: 81/106 MP: 19/21
 13223 | Orc:1    | Paralysed by an orc sorcerer for 3 turns
 13371 | Orc:2    | Noticed an orc warlord
 13631 | Orc:2    | Found a roughly hewn altar of Beogh.
 13631 | Orc:2    | Found Lokept's Book Shop.
 13881 | Orc:2    | Found a roughly hewn altar of Beogh.
 14088 | Orc:2    | Found Zustrenn's Antique Weapon Shop.
 14088 | Orc:2    | Found a roughly hewn altar of Beogh.
 14092 | Orc:2    | Found Luhu Fin's Antique Armour Boutique.
 14104 | Orc:2    | Bought a pair of embroidered gloves for 202 gold pieces
 14104 | Orc:2    | Bought an embroidered cloak for 202 gold pieces
 14185 | Orc:2    | Noticed a stone giant
 14205 | Orc:2    | Killed a stone giant
 14227 | Orc:2    | Killed an orc warlord
 14390 | Orc:2    | Found Xeskuoh's Assorted Antiques.
 14661 | Lair:1   | Entered Level 1 of the Lair of Beasts
 14791 | Lair:1   | Noticed Joseph
 14791 | Lair:1   | Noticed Gastronok
 14798 | Lair:1   | Killed Gastronok
 14798 | Lair:1   | Received a gift from Okawaru
 14798 | Lair:1   | Reached skill level 12 in Fighting
 14799 | Lair:1   | Killed Joseph
 14923 | Lair:1   | Got a heavily runed hat {god gift}
 14934 | Lair:1   | Identified the -6 hat of the Enchanted Forest {rPois}
                  | (Okawaru gifted it to you on level 1 of the Lair of Beasts)
 15115 | Lair:1   | You fall into a shaft and drop 1 floor!
 15181 | Lair:2   | Found a dark tunnel.
 15190 | Volcano  | Entered a volcano
 15392 | Volcano  | Reached XP level 14. HP: 110/116 MP: 22/22
 15404 | Volcano  | Found a burning altar of Makhleb.
 16237 | Lair:3   | Received a gift from Okawaru
 16312 | Lair:3   | Found a runed translucent gate.
 16313 | Lair:3   | Found a runed translucent gate.
 16315 | Lair:3   | Found a runed translucent gate.
 16339 | Lair:3   | Noticed Fuxod's ghost (journeyman GnWn)
 16343 | Lair:3   | Found a viscous altar of Jiyva.
 16707 | Lair:3   | Found a staircase to the Swamp.
 17646 | Lair:4   | Found a hole to the Spider Nest.
 18499 | Lair:5   | Reached skill level 13 in Fighting
 19304 | Lair:6   | Entered Level 6 of the Lair of Beasts
 19338 | Lair:6   | Received a gift from Okawaru
 19696 | Lair:6   | Found a staircase to the Slime Pits.
 19714 | Lair:6   | Gained mutation: You are immune to freezing clouds.
                  | [demonic ancestry]
 19714 | Lair:6   | Reached XP level 15. HP: 89/124 MP: 23/23
 19814 | Lair:6   | Received a gift from Okawaru
 19917 | Lair:6   | Drowned by a drowned soul

Illustrated notes

Levels and vault maps discovered:
D:1:      lemuel_arrival_room, layout_rooms, minmay_cupped
D:2:      layout_loops_ring, lemuel_crystal_altar, old_standard_altar,
          cheibriados_altar_1
D:3:      layout_basic, nicolae_ru_path_of_blood, minmay_misc_feat_rows
D:4:      layout_layer_cave, gammafunk_temple_overflow_statue,
          ebering_ghost_sewer_f, serial_shops, kennysheep_mini_moat,
          chequers_big_river, uniq_sigmund, uniq_eustachio, uniq_grinder
D:5:      layout_basic, minmay_temple_entry_fiery, fedhas_altar_1
D:6:      layout_cave_pods, nicolae_qazlal_style_of_elements, basic_altar,
          dk_noncrumbling_3, uniq_menkaure
D:7:      layout_gridville, nemelex_xobeh_ov_fountains_minmay, zin_treasury,
          glass_columns_a, st_stairs_12
D:8:      layout_rooms, gammafunk_ghost_icy, serial_shops, shop_statue,
          kennysheep_generic_room_8
D:9:      layout_long_grid, elyvilon_altar_1,
          kennysheep_orc_monster_closet_entryway, minmay_hollow_rounded_squares
D:10:     lemuel_ice_spiral_2, layout_basic, kennysheep_generic_room_14,
          uniq_grum
D:11:     minmay_tri_box, layout_cave_pools, minmay_lair_entry_lava,
          lemuel_mausoleum_altar_yredelemnul
D:12:     layout_grid_maze, uniq_azrael
Lair:1:   layout_roguey, serial_bayou_shore_b, uniq_gastronok, uniq_joseph
Lair:2:   layout_long_grid, enter_volcano_1, serial_forest,
          infiniplex_forest_lined_2, infiniplex_forest_clump_medium,
          infiniplex_forest_zigzag_2, infiniplex_forest_corner_1,
          infiniplex_forest_lined_corner, infiniplex_forest_split
Lair:3:   layout_gridlike, minmay_swamp_entry_swarm, gammafunk_ghost_ooze,
          chequers_serial_rivers_small_b, zaba_anthole, minmay_hedge_maze,
          chequers_serial_rivers_large_a, infiniplex_staircase_pool_2
Lair:4:   layout_layer_cave, spider_nest_entry_funnel_web
Lair:5:   layout_layer_cave, lemuel_fruit_tree
Lair:6:   gammafunk_lair_ancient_temple, layout_hall_layers,
          minmay_slime_entry_oklob_open, worms_lemuel
Orc:1:    layout_diamond_mine, mines3_lemuel
Orc:2:    grunt_orc_community_town_hall, layout_caves,
          grunt_orc_community_big_house_1, grunt_orc_community_big_house_1,
          grunt_orc_community_house_3, grunt_orc_community_house_2,
          grunt_orc_community_house_2, grunt_orc_community_house_2,
          serial_shops, nicolae_shop_stone

Skill      XL: |  1  2  3  4  5  6  7  8  9 10 11 12 13 14 |
---------------+-------------------------------------------+-----
Long Blades    | 3 4 5 6 7 8 9 10 11 12 | 12.6
Dodging        | 3 4 5 6 7 8 9 10 11 12 | 12.6
Invocations    | 2 3 4 5 7 9 10 11 | 11.2
Fighting       | 3 4 5 6 7 8 10 11 12 13 | 13.5
Armour         | 3 6 8 9 |  9.7
Throwing       | |  1.7

Action                   |  1- 3 |  4- 6 |  7- 9 | 10-12 | 13-15 || total
-------------------------+-------+-------+-------+-------+-------++-------
Melee: Long sword        |    94 |   111 |       |       |       ||   205
       Kick              |    20 |    36 |   176 |   470 |   293 ||   995
       Falchion          |       |       |   385 |   796 |       ||  1181
       Punch             |       |       |     1 |     9 |       ||    10
       Unarmed           |       |       |       |     9 |       ||     9
       Dagger            |       |       |       |    61 |       ||    61
       Scimitar          |       |       |       |   127 |     7 ||   134
       Great sword       |       |       |       |       |   603 ||   603
Throw: Dart              |       |    11 |     5 |       |       ||    16
       Throwing net      |       |       |     1 |     1 |       ||     2
Invok: Heroism           |       |       |     3 |     9 |     6 ||    18
Evoke: Wand              |       |       |     3 |     2 |       ||     5
  Use: Scroll            |     3 |       |     8 |     8 |    11 ||    30
       Potion            |       |     1 |       |     3 |     3 ||     7
 Stab: Sleeping          |     1 |       |       |     1 |       ||     2
       Held in net/web   |       |       |     2 |     1 |       ||     3
Armor: Leather armour    |    33 |    20 |       |       |       ||    53
       Ring mail         |       |    62 |   184 |   101 |       ||   347
       Chain mail        |       |       |       |   538 |   399 ||   937
Dodge: Dodged            |    81 |   138 |   357 |   760 |   606 ||  1942
       Rpst.: Long sword |    27 |    43 |       |       |       ||    70
       Falchion          |       |       |   111 |   155 |       ||   266
       Scimitar          |       |       |       |    26 |       ||    26
       Great sword       |       |       |       |       |   153 ||   153

Table legend: (Time is in decaauts)
 A = Elapsed time spent in this place.
 B = Non-inter-level travel time spent in this place.
 C = Inter-level travel time spent in this place.
 D = Time resting spent in this place.
 E = Time spent auto-exploring this place.
 F = Levels seen in this place.
 G = Mean time per level.
                   A        B        C        D        E       F      G
               +--------+--------+--------+--------+--------+-----+--------+
         Total |  19887 |  19176 |    711 |   2058 |  12686 |  21 |  947.0 |
       Dungeon |  12247 |  11752 |    495 |   1607 |   7643 |  12 | 1020.6 |
          Lair |   5102 |   5013 |     89 |     74 |   3993 |   6 |  850.3 |
  Orcish Mines |   2291 |   2165 |    126 |    377 |   1003 |   2 | 1145.5 |
       Volcano |    245 |    245 |      0 |      0 |     47 |   1 |  245.0 |
               +--------+--------+--------+--------+--------+-----+--------+

Top non-repeatable levels by time:
     D:4: 1606 daAuts
   Orc:2: 1507 daAuts
     D:9: 1386 daAuts
  Lair:4: 1235 daAuts
    D:11: 1215 daAuts
    D:10: 1156 daAuts
     D:3: 1088 daAuts
  Lair:3: 1024 daAuts
     D:2: 1014 daAuts
  Lair:5: 1008 daAuts
     D:6: 984 daAuts
    D:12: 926 daAuts
     D:1: 841 daAuts
   Orc:1: 784 daAuts
     D:7: 744 daAuts
